[Event "*** Titled Tuesday Blitz"]
[Site "Chess.com"]
[Date "2021.04.27"]
[Round "5"]
[White "Fighterman91"]
[Black "WPWPWP-2015"]
[Result "1-0"]
[WhiteElo "2624"]
[BlackElo "2418"]
[TimeControl "180+1"]
[EndTime "10:56:10 PDT"]
[Termination "Fighterman91 won by checkmate"]

1. e4 e5 2. Nf3 Nc6 3. d4 exd4 4. Nxd4 Nf6 5. Nxc6 bxc6 6. e5 Qe7 7. Qe2 Nd5 8. h4 f6 9. c4 Nb6 10. exf6 Qxe2+ 11. Bxe2 gxf6 12. Bh5+ Kd8 13. b3 d5 14. Bb2 Be7 15. Nc3 Be6 16. O-O-O Rf8 17. Rhe1 Bg8 18. Bf3 Bd6 19. cxd5 cxd5 20. Nxd5 Nxd5 21. Bxd5 Bxd5 22. Rxd5 Kd7 23. Rf5 Rae8 24. Rxe8 Rxe8 25. Bxf6 Rf8 26. g4 Ke6 27. Bd4 Rxf5 28. gxf5+ Kxf5 29. Bxa7 Kg4 30. a4 Kxh4 31. a5 Kg4 32. a6 c6 33. Bb6 Bb8 34. a7 Bxa7 35. Bxa7 Kf3 36. Kd2 h5 37. Ke1 h4 38. Bb8 h3 39. Bc7 Kg2 40. Ke2 h2 41.
Bxh2 Kxh2 42. f4 Kg3 43. f5 Kf4 44. f6 Ke5 45. f7 Ke6 46. f8=Q Kd7 47. Kd3 Kc7 48.
Kc4 Kb6 49. Qb8+ Ka5 50. Qa7# 1-0

[Event "*** Titled Tuesday Blitz"]
[Site "Chess.com"]
[Date "2021.04.27"]
[Round "5"]
[White "Harry_Rakkel"]
[Black "anon102030"]
[Result "1-0"]
[WhiteElo "2608"]
[BlackElo "2750"]
[TimeControl "180+1"]
[EndTime "10:56:12 PDT"]
[Termination "Harry_Rakkel won on time"]

1. e4 e5 2. Nc3 Nc6 3. Bc4 g6 4. d3 Bg7 5. h4 h6 6. Be3 d6 7. Qd2 Be6 8. Nd5 Nf6 9. O-O-O Bxd5 10. exd5 Ne7 11. Bb5+ c6 12. dxc6 bxc6 13. Ba4 Nfd5 14. Ne2 Nxe3 15. fxe3 O-O 16. g4 Rb8 17. e4 d5 18. Qc3 Qd6 19. Kb1 Rb4 20. Bb3 Rfb8 21.
a3 R4b5 22. Rhf1 a5 23. a4 Rb4 24. Rf2 Nc8 25. Rdf1 f6 26. h5 Nb6 27. hxg6 Nxa4 28.
Bxa4 Rxb2+ 29. Kc1 d4 30. Qc4+ Kh8 31. Bb3 Qa3 32.
Kd1 a4 33. Bxa4 R2b4 34. Qxc6 Rxa4 35. Nc1 1-0

[Event "*** Titled Tuesday Blitz"]
[Site "Chess.com"]
[Date "2021.04.27"]
[Round "5"]
[White "Mili_Brizzi"]
[Black "chessajedrezz2020"]
[Result "0-1"]
[WhiteElo "2280"]
[BlackElo "2676"]
[TimeControl "180+1"]
[EndTime "10:56:12 PDT"]
[Termination "chessajedrezz2020 won on time"]

1. e4 c6 2. d4 d5 3. e5 c5 4. dxc5 e6 5. Be3 Nc6 6. Bb5 Bd7 7. Bxc6 Bxc6 8. Nf3 Nh6 9. c3 Nf5 10. Bd4 Nxd4 11.
cxd4 b6 12. cxb6 Qxb6 13. Nc3 Qxb2 14. O-O Ba3 15. Na4 Qb4 16. Nc5 Qa5 17. Nb3 Qc3 18. Ng5 h6 19. Qh5 O-O 20. Nh3 Rac8 21. Rae1 Bb5 22.
Re3 Qc2 23. Rfe1 Bb4 24. Rd1 Qxa2 25. Nf4 Rc3 26. Nc5 Rxe3 27. fxe3 Bxc5 28. dxc5 Qc2 29. h4 Qxc5 30. Rd4 Qc1+ 31. Kh2 Qxe3 32. Rb4 a6 33. Nh3 g6 34. Rg4 Be2 35. Rxg6+ fxg6 36. Qxg6+ Kh8 0-1

[Event "*** Titled Tuesday Blitz"]
[Site "Chess.com"]
[Date "2021.04.27"]
[Round "5"]
[White "Grandmaster1369"]
[Black "DFeco"]
[Result "1-0"]
[WhiteElo "2572"]
[BlackElo "2274"]
[TimeControl "180+1"]
[EndTime "10:56:12 PDT"]
[Termination "Grandmaster1369 won on time"]

1. e4 e5 2. Nf3 Nc6 3. d4 exd4 4. Bc4 Bc5 5. c3 dxc3 6. Bxf7+ Kxf7 7. Qd5+ Ke8 8.
Qxc5 Qe7 9. Qc4 cxb2 10. Bxb2 d6 11. Nc3 Be6 12. Qb5 Qd7 13. Nd5 Bxd5 14. exd5 Ne5 15. Qxd7+ Kxd7 16. Bxe5 Re8 17. Kd2 dxe5 18. Rhe1 Kd6 19.
Ng5 Re7 20. Rac1 Nf6 21. Ne6 Nxd5 22. Nc5 b6 23. Ne4+ Kd7 24. Red1 c6 25. Ke2 Rc8 26. f3 Ke6 27. Ng5+ Kf5 28. Ne4 Nf4+ 29. Kf2 1-0

[Event "*** Titled Tuesday Blitz"]
[Site "Chess.com"]
[Date "2021.04.27"]
[Round "5"]
[White "politeplayer"]
[Black "Redbandit87"]
[Result "0-1"]
[WhiteElo "2241"]
[BlackElo "2381"]
[TimeControl "180+1"]
[EndTime "10:56:12 PDT"]
[Termination "Redbandit87 won by resignation"]

1. e4 e5 2. Nf3 Nc6 3. d4 exd4 4. Bc4 Nf6 5. O-O Nxe4 6. Re1 d5 7. Bxd5 Qxd5 8. Nc3 Qa5 9. Nxe4 Be6 10. Bg5 h6 11. Bh4 Bb4 12. Re2 Qb6 13. c3 dxc3 14. bxc3 Ba3 15. Rb1 Qa6 16. Ng3 O-O 17. Nh5 Bg4 18.
Ng3 g5 19. Bxg5 hxg5 20. Qd5 Be7 21. Rxe7 Nxe7 22. Qxg5+ Qg6 23. Qxe7 Qxb1+ 24. Ne1 Rae8 25. Qg5+ Qg6 26. Qxg6+ fxg6 27. Nd3 Be2 28. Nf4 Bc4 29. h4 Re1+ 30. Kh2 Rxf4 31. h5 Rxf2 32. h6 Ree2 33. h7+ Kxh7 0-1

[Event "*** Titled Tuesday Blitz"]
[Site "Chess.com"]
[Date "2021.04.27"]
[Round "5"]
[White "metalbattler"]
[Black "chesslh19"]
[Result "1-0"]
[WhiteElo "2180"]
[BlackElo "2258"]
[TimeControl "180+1"]
[EndTime "10:56:12 PDT"]
[Termination "metalbattler won by checkmate"]

1. d4 Nf6 2. Bf4 d5 3. e3 c5 4.
c3 Nc6 5. Nd2 e6 6. Ngf3 Bd6 7.
Bg3 O-O 8. Bd3 b6 9. Ne5 Bb7 10. Nxc6 Bxc6 11. Nf3 Ne4 12. Ne5 Bb7 13. f3 Nxg3 14.
hxg3 h6 15. f4 Rc8 16. g4 Bxe5 17. dxe5 d4 18. g5 dxe3 19. gxh6 g6 20. Qe2 Qd5 21. Rh2 c4 22. Bc2 Rfd8 23. Rd1 Qc5 24. Qg4 Rxd1+ 25. Qxd1 Kh7 26. Qd7 Rc7 27. Qd8 Rc8 28.
Qf6 Qf8 29. Rh3 Rd8 30. Rg3 Rd7 31. Bxg6+ Kxh6 32. Rh3# 1-0

[Event "*** Titled Tuesday Blitz"]
[Site "Chess.com"]
[Date "2021.04.27"]
[Round "5"]
[White "Nils_03"]
[Black "lagedema"]
[Result "1/2-1/2"]
[WhiteElo "2426"]
[BlackElo "2578"]
[TimeControl "180+1"]
[EndTime "10:56:13 PDT"]
[Termination "Game drawn - insufficient material"]

1. d4 d5 2. c4 c6 3. Nf3 Nf6 4. e3 Bf5 5. Nc3 e6 6. Nh4 Be4 7. f3 Bg6 8. Nxg6 hxg6 9. Bd3 Nbd7 10. Qb3 Qc7 11. Bd2 dxc4 12. Bxc4 b5 13. Bxe6 fxe6 14. Qxe6+ Be7 15. Ne4 Nxe4 16. Qxg6+ Kf8 17. fxe4 Qd6 18. Rf1+ Kg8 19. Qf7+ Kh7 20. Rf3 Bh4+ 21. Ke2 Raf8 22. Qh5+ Kg8 23. Rxf8+ Nxf8 24. Qg4 Qxh2 25. Bb4 Qg3 26.
Qxg3 Bxg3 27. Rf1 Ng6 28. Rc1 Rh2 29. Kf3 Bh4 30. Rxc6 Kh7 31. e5 Bg5 32. e6 Nh4+ 33. Ke4 Ng6 34. Rc5 Be7 35. Rxb5 Rxg2 36. Bxe7 Nxe7 37.
Rb7 Ng8 38. e7 Rg6 39. Ke5 Nf6 40. Rxa7 Rg3 41. e4 Re3 42. Kf5 Rxe4 43. Ra6 Rxe7 44.
Rxf6 gxf6 45. Kxf6 Ra7 46. d5 Rxa2 47. d6 Rxb2 48. d7 Rd2 49. Ke7 Rxd7+ 50. Kxd7 1/2-1/2

[Event "*** Titled Tuesday Blitz"]
[Site "Chess.com"]
[Date "2021.04.27"]
[Round "5"]
[White "secretsuperstar7"]
[Black "jamalm2"]
[Result "0-1"]
[WhiteElo "2207"]
[BlackElo "2025"]
[TimeControl "180+1"]
[EndTime "10:56:13 PDT"]
[Termination "jamalm2 won on time"]

1. d4 f5 2. Nf3 g6 3. g3 Bg7 4. Bg2 d6 5. O-O Nf6 6. b3 O-O 7. Bb2 c6 8. Nbd2 Qe8 9. c4 Nbd7 10. Qc2 e5 11. e4 fxe4 12. Nxe4 Nxe4 13. Qxe4 Nf6 14.
Qe2 e4 15. Nd2 d5 16. Rae1 Bg4 17. f3 exf3 18. Nxf3 Qxe2 19. Rxe2 Ne4 20. Rc2 Rf7 21. Ne5 Rxf1+ 22. Bxf1 Bf5 23. Re2 Re8 24. Bg2 h5 25. Re3 c5 26. cxd5 cxd4 27. Bxd4 Bxe5 28. Bxe5 Rxe5 29.
d6 Kf7 30. d7 Ke7 31. Rd3 Bxd7 32. Rd4 Bc6 33. b4 Nc3 34. Rc4 Ne2+ 35. Kf2 Rf5+ 36. Kxe2 Bb5 37. Kd3 Rf2 0-1

[Event "*** Titled Tuesday Blitz"]
[Site "Chess.com"]
[Date "2021.04.27"]
[Round "5"]
[White "Vaathi_Coming"]
[Black "KeithArkell"]
[Result "1-0"]
[WhiteElo "2878"]
[BlackElo "2611"]
[TimeControl "180+1"]
[EndTime "10:56:14 PDT"]
[Termination "Vaathi_Coming won by resignation"]

1. b3 b5 2. b4 Bb7 3. Bb2 Nf6 4. Nf3 e6 5. e3 Bxb4 6. Bxb5 O-O 7. O-O Be7 8. d4 c5 9. Bd3 d5 10. dxc5 Nbd7 11.
Nbd2 Nxc5 12. Rb1 Nxd3 13. cxd3 Ba6 14. Ne5 Bd6 15. Ndf3 Qa5 16. Nc6 Qc7 17. Rc1 Bb5 18. Bxf6 gxf6 19. Ncd4 Qa5 20. Nxb5 Qxb5 21. Nd4 Qd7 22.
Qh5 Rfc8 23. f4 f5 24. Qg5+ Kh8 25. Qf6+ Kg8 26. Rxc8+ Qxc8 27. Rf3 Qc1+ 28. Kf2 Rb8 29. Rg3+ Kf8 30. Nxe6+ Ke8 31. Rg8+ Kd7 32. Qxf7+ Kc6 33. Nd4+ Kb6 34. Rxb8+ Bxb8 35. Qe6+ Ka5 36. Nb3+ 1-0

[Event "*** Titled Tuesday Blitz"]
[Site "Chess.com"]
[Date "2021.04.27"]
[Round "5"]
[White "AldokhinIvan"]
[Black "Supernotar"]
[Result "1/2-1/2"]
[WhiteElo "2541"]
[BlackElo "2737"]
[TimeControl "180+1"]
[EndTime "10:56:15 PDT"]
[Termination "Game drawn by repetition"]

1. e4 c6 2. Nc3 d5 3. d4 dxe4 4. Nxe4 Bf5 5. Ng3 Bg6 6. h4 h6 7. Nh3 e6 8. Nf4 Bh7 9. c3 Nf6 10. Bd3 Bxd3 11. Qxd3 Nbd7 12. Be3 Nb6 13. Ngh5 Nbd5 14.
Nxf6+ Qxf6 15. Nxd5 exd5 16. O-O-O Bd6 17. g4 O-O-O 18. g5 hxg5 19. hxg5 Qf3 20. Rhe1 Rde8 21. c4 dxc4 22. Qxc4 Qd5 23. Qxd5 cxd5 24. Rh1 g6 25. Kd2 Kd7 26. Kd3 Ke6 27. Ke2 Kf5 28. Kf3 Be7 29. Rxh8 Rxh8 30. Rc1 Bd6 31. Rc3 a6 32. Rb3 b5 33.
Rc3 Be7 34. Rc7 Bxg5 35. Rxf7+ Ke6 36. Ra7 Bxe3 37. Kxe3 Rh3+ 38. Kf4 Rh4+ 39. Ke3 Rh3+ 40. Kf4 Rh4+ 41. Ke3 Rh3+ 1/2-1/2

[Event "*** Titled Tuesday Blitz"]
[Site "Chess.com"]
[Date "2021.04.27"]
[Round "5"]
[White "kubal123"]
[Black "AttackSparrow"]
[Result "1-0"]
[WhiteElo "2296"]
[BlackElo "2485"]
[TimeControl "180+1"]
[EndTime "10:56:15 PDT"]
[Termination "kubal123 won by checkmate"]

1. e4 c5 2. Nf3 Nc6 3. d4 cxd4 4. Nxd4 g6 5. c4 Bg7 6. Be3 Nf6 7. Nc3 O-O 8. Be2 d6 9. O-O Nxd4 10. Bxd4 Bd7 11. f4 Bc6 12. Bf3 Qa5 13. Re1 Rfc8 14. b3 Nd7 15.
Bxg7 Kxg7 16. Nd5 Bxd5 17. exd5 Re8 18. Qd4+ Kg8 19. Kh1 Qc5 20. Qb2 a5 21. h4 h5 22.
Re2 Nf6 23. Rae1 Kf8 24. f5 a4 25. fxg6 fxg6 26. Re6 Kf7 27. Qd2 axb3 28. axb3 b5 29.
Qf4 bxc4 30. bxc4 Qf2 31. R6e2 Qc5 32. Be4 Ra3 33. Qg5 Rg8 34. Bxg6+ Rxg6 35. Rxe7+ Kf8 36.
Qxg6 Ne8 37. Rxe8# 1-0

[Event "*** Titled Tuesday Blitz"]
[Site "Chess.com"]
[Date "2021.04.27"]
[Round "5"]
[White "BursaBBSatranc"]
[Black "BJthechessgod"]
[Result "1-0"]
[WhiteElo "2580"]
[BlackElo "2278"]
[TimeControl "180+1"]
[EndTime "10:56:15 PDT"]
[Termination "BursaBBSatranc won by checkmate"]

1. d4 Nf6 2. Nf3 e6 3. Bf4 b6 4. e3 Bb7 5. Nbd2 Be7 6. Bd3 O-O 7. h3 c5 8. O-O Nc6 9. c3 d6 10. Qe2 a6 11. Rfd1 b5 12. e4 cxd4 13. cxd4 h6 14. Rac1 Nb4 15. Bb1 Rc8 16. a3 Nc6 17. Qd3 Re8 18.
Rc3 Nd7 19. Rdc1 e5 20. Bh2 exd4 21. Nxd4 Nde5 22. Qe3 Nxd4 23. Rxc8 Bxc8 24. Qxd4 Bf6 25. Qa7 Qa5 26. Bf4 Ng6 27. Be3 Bxb2 28. Rc7 Be6 29. f4 Rf8 30. f5 Bc8 31. fxg6 fxg6 32. Rxg7+ Bxg7 33. Ba2+ Kh8 34. Qe7 Qxa3 35. Bd4 Qxa2 36.
Qxf8+ Kh7 37. Qxg7# 1-0

[Event "*** Titled Tuesday Blitz"]
[Site "Chess.com"]
[Date "2021.04.27"]
[Round "5"]
[White "Trickster_Pony"]
[Black "Irishchessman16"]
[Result "0-1"]
[WhiteElo "1621"]
[BlackElo "2287"]
[TimeControl "180+1"]
[EndTime "10:56:15 PDT"]
[Termination "Irishchessman16 won by checkmate"]

1. c4 f5 2. g3 Nf6 3. Bg2 e5 4. Nc3 Be7 5. e3 O-O 6. Nge2 d6 7. O-O c6 8. d4 Nbd7 9. b3 Kh8 10. Bb2 Qe8 11. Qc2 Qh5 12. Rad1 Ng4 13. h3 Ngf6 14. Ba3 Re8 15. dxe5 dxe5 16. Bxe7 Rxe7 17. e4 f4 18.
gxf4 exf4 19. Nxf4 Qg5 20. Qd2 Nf8 21. Kh1 Bd7 22. Rfe1 Rae8 23. Nd3 Qh5 24. e5 Ng4 25. f4 Qh4 26. Kg1 Nh6 27. Qf2 Qh5 28. Qf3 Qg6 29. Kh1 Nf5 30. Nf2 Nh4 31. Ng4 Nxf3 32. Bxf3 h5 33.
Be4 Qf7 34. e6 Bxe6 35. Ne5 Qxf4 36. Ng6+ Nxg6 37. Bxg6 Bxh3 38. Rxe7 Qf3+ 39. Kg1 Qg2# 0-1

[Event "*** Titled Tuesday Blitz"]
[Site "Chess.com"]
[Date "2021.04.27"]
[Round "5"]
[White "Ibrayevnb"]
[Black "NateSolon"]
[Result "1-0"]
[WhiteElo "2488"]
[BlackElo "2632"]
[TimeControl "180+1"]
[EndTime "10:56:19 PDT"]
[Termination "Ibrayevnb won by resignation"]

1. d4 Nf6 2. c4 e6 3. Nf3 d5 4.
Nc3 dxc4 5. e4 b5 6. e5 Nd5 7. Nxb5 Nb6 8. Be2 Nc6 9. O-O Be7 10. Be3 O-O 11. Nc3 Bb7 12. Qd2 Nb4 13. Rfd1 Rb8 14. Rac1 Qd7 15. Bg5 Rfd8 16. Qf4 Bxg5 17. Nxg5 h6 18.
Nge4 Qe7 19. Nc5 Bd5 20. a3 Nc6 21. Rd2 Nxd4 22. Rxd4 Qxc5 23. Rcd1 Qe7 24. Qg3 Kh8 25. h4 Bc6 26. Rg4 Rxd1+ 27. Bxd1 Rg8 28. Bc2 Bd5 29. Qf4 Nd7 30. h5 Rb8 31. Nxd5 exd5 32. Qf5 Nf8 33. Qf4 Rxb2 34. Bf5 c3 35. Qd4 c2 36. Qxb2 Qc5 37. Qxc2 1-0

[Event "*** Titled Tuesday Blitz"]
[Site "Chess.com"]
[Date "2021.04.27"]
[Round "5"]
[White "Bigfish1995"]
[Black "A-Fier"]
[Result "1-0"]
[WhiteElo "2999"]
[BlackElo "2834"]
[TimeControl "180+1"]
[EndTime "10:56:20 PDT"]
[Termination "Bigfish1995 won by checkmate"]

1. d4 d5 2. Bf4 c5 3. e3 Nc6 4.
c3 Qb6 5. Qc1 Bf5 6. Nf3 Rc8 7.
Nbd2 e6 8. Be2 Nf6 9. O-O Nh5 10. Be5 f6 11. Bg3 Nxg3 12. hxg3 Bg6 13. Re1 Be7 14.
Nb3 c4 15. Nbd2 f5 16. b3 cxb3 17. axb3 O-O 18. Qb2 Bf6 19. c4 Qc7 20. Rec1 Qe7 21. b4 a6 22. b5 axb5 23. cxd5 exd5 24. Qxb5 Bf7 25. Nb3 Rc7 26. Nc5 Rfc8 27. Bd3 g6 28. Rcb1 Be8 29. Qb3 Kg7 30. Ra2 Rb8 31. Bb5 g5 32.
Rab2 g4 33. Bxc6 Bxc6 34. Ne1 Rh8 35. Ned3 h5 36. Nf4 h4 37. Nce6+ Kh6 38. gxh4 Rd7 39. g3 Ra8 40. Qd3 Ra3 41. Qxf5 Qf7 42. Qxg4 Re7 43.
Ng5 Qe8 44. Qf5 Kg7 45. Nge6+ Kf7 46. Qg6# 1-0

[Event "*** Titled Tuesday Blitz"]
[Site "Chess.com"]
[Date "2021.04.27"]
[Round "5"]
[White "agartha01"]
[Black "VladDobrov"]
[Result "0-1"]
[WhiteElo "2531"]
[BlackElo "2717"]
[TimeControl "180+1"]
[EndTime "10:56:20 PDT"]
[Termination "VladDobrov won by resignation"]

1. c4 Nf6 2. Nc3 c5 3. Nf3 h5 4. g3 Nc6 5. Bg2 d6 6. d3 g6 7. Rb1 Bg7 8. a3 a5 9. Bd2 Bf5 10. O-O Qd7 11. Nd5 Nxd5 12. cxd5 Nd4 13. Nxd4 Bxd4 14.
e3 Bg7 15. e4 Bg4 16. f3 Bd4+ 17. Kh1 Bh3 18. Bc3 Bxg2+ 19. Kxg2 h4 20. g4 h3+ 21. Kh1 Bxc3 22. bxc3 b5 23. f4 Kd8 24. f5 Kc7 25. d4 c4 26. a4 Rhb8 27. Qe2 gxf5 28. gxf5 bxa4 29. Qxc4+ Kd8 30. Rxb8+ Rxb8 31. Rg1 Qb5 32.
Qxb5 Rxb5 33. Ra1 Rb3 34. Kg1 a3 35. Kf2 Rxc3 36. Ke2 Kc7 37. Kd2 Rf3 38. Ke2 Rb3 39. Kd2 Kb6 40. Kc2 Rf3 41. Rg1 Rf2+ 42. Kb1 Rxh2 43.
Rg7 Rg2 0-1

[Event "*** Titled Tuesday Blitz"]
[Site "Chess.com"]
[Date "2021.04.27"]
[Round "5"]
[White "enriquetejedor"]
[Black "Twitch_ElhamBlitz05"]
[Result "0-1"]
[WhiteElo "2603"]
[BlackElo "2849"]
[TimeControl "180+1"]
[EndTime "10:56:21 PDT"]
[Termination "Twitch_ElhamBlitz05 won on time"]

1. e4 c6 2. Nc3 d5 3. Nf3 dxe4 4. Nxe4 Nf6 5. Qe2 Bf5 6. Nxf6+ gxf6 7. b3 e6 8. Bb2 Nd7 9. O-O-O Bd6 10. h4 Bg4 11. Qe4 Bxf3 12. Qxf3 Qe7 13. Kb1 O-O-O 14. g3 Be5 15. d4 Bc7 16. Bg2 Rhg8 17. Rhe1 Bd6 18. Re2 f5 19. Bh3 Qf8 20. Bg2 Nf6 21. Qd3 Bc7 22.
Qc4 Nd5 23. Bf3 Kb8 24. Ree1 Qd6 25. Qe2 Ba5 26. Bxd5 cxd5 27. Rf1 Rg4 28. Rd3 Bc7 29. Bc1 Qd7 30. f4 Rdg8 31. Rff3 Bd6 32. Bb2 Rc8 33.
Rd1 Rgg8 34. Rc1 Qc6 35. c4 dxc4 36. bxc4 Qe4+ 37. Qxe4 fxe4 38. Rb3 f5 39. d5 exd5 40. cxd5 Rxc1+ 41. Kxc1 Kc7 42. Rc3+ Kd7 43. Kd2 Bb4 44. Ke3 Bxc3 45. Bxc3 Rxg3+ 46. Kd4 Rd3+ 47. Kc4 b5+ 48. Kb4 a5+ 49. Kb3 b4 0-1

[Event "*** Titled Tuesday Blitz"]
[Site "Chess.com"]
[Date "2021.04.27"]
[Round "5"]
[White "rachidhuilda"]
[Black "thechesscorner64"]
[Result "1-0"]
[WhiteElo "2267"]
[BlackElo "2382"]
[TimeControl "180+1"]
[EndTime "10:56:21 PDT"]
[Termination "rachidhuilda won on time"]

1. d4 Nf6 2. Bg5 e6 3. e4 h6 4. Bxf6 Qxf6 5. c3 d6 6. Nd2 g6 7. Bd3 Bg7 8. Ne2 b6 9. O-O Bb7 10. f4 Qe7 11. Ng3 Nd7 12. a4 h5 13. e5 d5 14. Qe2 h4 15. Nh1 c5 16. Nf2 c4 17. Bc2 O-O-O 18. b3 cxb3 19. Nxb3 g5 20. f5 exf5 21. Bxf5 Kb8 22. a5 h3 23. g3 f6 24. e6 Nf8 25. axb6 axb6 26. Rfe1 Rc8 27. Qb5 Rc6 28. Qxd5 Rxc3 29. Qb5 Rxg3+ 30. hxg3 h2+ 31. Kf1 h1=Q+ 32. Nxh1 Rxh1+ 33. Kf2 Rh2+ 34. Ke3 g4 35. Qxb6 Bh6+ 36. Kd3 Rg2 37. Nc5 Rxg3+ 38. Kc4 Qc7 39. Qxc7+ Kxc7 40. e7 1-0

[Event "*** Titled Tuesday Blitz"]
[Site "Chess.com"]
[Date "2021.04.27"]
[Round "5"]
[White "attack2mateU"]
[Black "AlexTriapishko"]
[Result "0-1"]
[WhiteElo "2731"]
[BlackElo "2873"]
[TimeControl "180+1"]
[EndTime "10:56:22 PDT"]
[Termination "AlexTriapishko won by resignation"]

1. e4 c5 2. Nf3 Nc6 3. Bb5 g6 4. O-O Bg7 5. c3 Nf6 6. Re1 O-O 7. d4 cxd4 8. cxd4 d5 9. e5 Ne4 10. Bxc6 bxc6 11. Be3 Rb8 12. Qc1 Bg4 13. h3 Bf5 14. Nbd2 Qb6 15. b3 a5 16. g4 Nxd2 17. Qxd2 Be6 18. Rab1 Rfc8 19. Bf4 Qb4 20. Qe3 c5 21. Bg5 cxd4 22. Nxd4 Rc3 23. Qf4 Rxh3 24. Rbc1 h6 25. Nxe6 fxe6 26. Qxb4 Rxb4 27. Bxe7 Rxg4+ 28. Kf1 Rh1+ 29. Ke2 Re4+ 30. Kd2 Rhxe1 31. Rxe1 Rxe1 32. Kxe1 Bxe5 33. Bd8 Bc3+ 34. Ke2 Kf7 35. Kd3 Be1 36. Ke2 Bb4 37.
a3 Bxa3 38. Bxa5 Ke7 39. b4 Kd6 40. Kd2 Kc6 41. Kc2 Kb5 42. Kb3 Bc1 43. Bd8 h5 44. f3 Bd2 45. Be7 Be1 0-1

[Event "*** Titled Tuesday Blitz"]
[Site "Chess.com"]
[Date "2021.04.27"]
[Round "5"]
[White "StockholmMissile"]
[Black "Jumbo"]
[Result "0-1"]
[WhiteElo "2598"]
[BlackElo "2785"]
[TimeControl "180+1"]
[EndTime "10:56:22 PDT"]
[Termination "Jumbo won on time"]

1. d4 Nf6 2. c4 e6 3. Nf3 Bb4+ 4. Bd2 a5 5. g3 b6 6. Bg2 Ba6 7. Qc2 c5 8. O-O O-O 9. Rd1 Nc6 10. Bf4 cxd4 11.
Nxd4 Nxd4 12. Rxd4 Rc8 13. a3 Bc5 14. Rd1 Bxc4 15.
Bb7 Ng4 16. Bxc8 Bxf2+ 17. Kf1 Qxc8 18. h3 Ne3+ 19. Bxe3 Bxe3 20. b3 Ba6 21. Qxc8 Rxc8 22. Ra2 d5 23. Rb2 g5 24. Nd2 Rc3 25. Nf3 Bc5 26.
Kg2 Bxa3 27. Ra2 Be7 28. Rb1 Bb7 29. Rd2 h5 30. g4 hxg4 31. hxg4 Kg7 32. Rbb2 Bc5 33.
Rdc2 Re3 34. Rd2 Kg6 35. Rd3 Re4 36. Kh3 f5 37. gxf5+ exf5 38. Kg2 g4 39. Ne1 d4 40.
Kh2 Kg5 41. Ng2 f4 42. Rc2 Ba6 43. Rdd2 f3 44. exf3 gxf3 45. Kg3 fxg2 46. Kxg2 Bb7 47. Kf1 Rg4 0-1

[Event "*** Titled Tuesday Blitz"]
[Site "Chess.com"]
[Date "2021.04.27"]
[Round "5"]
[White "atwalcb"]
[Black "Buffy7"]
[Result "0-1"]
[WhiteElo "2449"]
[BlackElo "2692"]
[TimeControl "180+1"]
[EndTime "10:56:22 PDT"]
[Termination "Buffy7 won on time"]

1. d4 Nf6 2. Bg5 e6 3. e4 h6 4. Bxf6 Qxf6 5. c3 Qd8 6. Nd2 d5 7. Bd3 c5 8. Ne2 Nc6 9. e5 cxd4 10. cxd4 Qb6 11. O-O Bd7 12. Nb3 Be7 13. f4 g6 14. Kh1 h5 15. Qe1 Nb4 16. Bb1 Rc8 17. Qg3 Bb5 18. Rf2 a5 19. Bxg6 Rg8 20. f5 exf5 21. Bxf7+ Kxf7 22. Rxf5+ Ke6 23. Qh3 Rg4 24. Nf4+ Kd7 25. Rxh5 Rg8 26. Rh7 Kd8 27. Nc5 Bxc5 28. dxc5 Qc6 29. Nh5 Nd3 30. Rf1 Nxe5 31. Rf4 Qxc5 32.
Ng3 Qc1+ 33. Rf1 Bxf1 0-1

[Event "*** Titled Tuesday Blitz"]
[Site "Chess.com"]
[Date "2021.04.27"]
[Round "5"]
[White "JoseRemolar"]
[Black "Aygehovit1992"]
[Result "1-0"]
[WhiteElo "2445"]
[BlackElo "2622"]
[TimeControl "180+1"]
[EndTime "10:56:22 PDT"]
[Termination "JoseRemolar won by checkmate"]

1. d4 g6 2. e4 Bg7 3. Nc3 d6 4. f4 a6 5. Nf3 b5 6. Bd3 Nd7 7. e5 c5 8. Be4 Rb8 9. Ng5 e6 10. d5 exd5 11. Qxd5 Nh6 12. e6 Nf6 13. exf7+ Ke7 14.
Qd3 Nxf7 15. O-O Re8 16. Nd5+ Nxd5 17. Bxd5 Nxg5 18. fxg5 Rf8 19. Bf4 Bf5 20. Rae1+ Kd7 21. Be6+ Kc7 22. Qd5 Bd4+ 23. Kh1 Rb6 24. c3 Bxe6 25.
Rxe6 Bg7 26. Qxc5+ Kb7 27. Qd5+ Rc6 28. g3 Rf5 29.
Qd3 d5 30. Rxc6 Kxc6 31. Re1 d4 32. Re6+ Kb7 33. c4 bxc4 34. Qxc4 Bf8 35. Qc6+ Ka7 36. Qxa6# 1-0

[Event "*** Titled Tuesday Blitz"]
[Site "Chess.com"]
[Date "2021.04.27"]
[Round "5"]
[White "tteshan"]
[Black "vanyakuba"]
[Result "0-1"]
[WhiteElo "2244"]
[BlackElo "2393"]
[TimeControl "180+1"]
[EndTime "10:56:23 PDT"]
[Termination "vanyakuba won on time"]

1. e4 d5 2. exd5 Qxd5 3. Nc3 Qa5 4. d4 Nf6 5. Nf3 Bg4 6. Be2 Nc6 7. h3 Bh5 8. O-O O-O-O 9. Be3 e5 10. Nxe5 Bxe2 11. Qxe2 Nxe5 12. dxe5 Qxe5 13. Qc4 Bd6 14. g3 Qh5 15. Kg2 a6 16. b4 Rhe8 17. b5 Rxe3 18. fxe3 Qe5 19. Rf3 axb5 20. Qd4 b4 21. Ne2 c5 22.
Qxe5 Bxe5 23. Raf1 Rd2 24. R1f2 Ne4 25. Rxf7 Nxf2 26.
Kxf2 Rxc2 27. Re7 Bf6 28. Re8+ Kd7 29. Rb8 Rxa2 30. Rxb7+ Kc6 31. Rb8 Kc7 32. Rb5 Kc6 33. Rb8 Be5 34. Rc8+ Bc7 35. Ke1 Kb7 36. Rg8 b3 37.
Rxg7 Rxe2+ 38. Kxe2 b2 39. Rxh7 b1=Q 40. Rf7 Qa2+ 0-1

[Event "*** Titled Tuesday Blitz"]
[Site "Chess.com"]
[Date "2021.04.27"]
[Round "5"]
[White "dodorox"]
[Black "eltrain1971"]
[Result "0-1"]
[WhiteElo "2121"]
[BlackElo "2249"]
[TimeControl "180+1"]
[EndTime "10:56:23 PDT"]
[Termination "eltrain1971 won by checkmate"]

1. d4 Nf6 2. c4 e6 3. Nc3 Bb4 4. Bd2 O-O 5. e3 d5 6. Rc1 b6 7. cxd5 exd5 8. Bd3 a6 9. Nf3 Bb7 10. Ne5 Nbd7 11. f4 Bd6 12. O-O Ne4 13. Be1 Qe7 14.
Nxe4 dxe4 15. Bc4 Nf6 16. Bh4 Rad8 17. Ng4 Kh8 18. Nxf6 gxf6 19. Qh5 Rg8 20. Bxf7 Rg7 21. Bb3 Qf8 22. f5 Bb4 23. Qh6 Be7 24. Rxc7 Rxg2+ 25. Kxg2 Qxh6 26. Rxe7 Qxh4 27. Rxb7 Qg4+ 28. Kh1 Rc8 29. Rxb6 a5 30. Rxf6 Qh3 31. Kg1 Qxe3+ 32. Kh1 Qh3 33. Kg1 Qe3+ 34. Kh1 Qxd4 35. Re6 Qd3 36. Kg1 Qe3+ 37.
Kh1 Rc1 38. Re8+ Kg7 39. Rg1+ Rxg1# 0-1

[Event "*** Titled Tuesday Blitz"]
[Site "Chess.com"]
[Date "2021.04.27"]
[Round "5"]
[White "Kretov_Evgenij"]
[Black "MuhittinBuker"]
[Result "1-0"]
[WhiteElo "2655"]
[BlackElo "2204"]
[TimeControl "180+1"]
[EndTime "10:56:25 PDT"]
[Termination "Kretov_Evgenij won on time"]

1. d4 Nf6 2. c4 e6 3. Nc3 Bb4 4. Bg5 d5 5. cxd5 exd5 6. e3 O-O 7. Bd3 c5 8. Ne2 Nc6 9. O-O cxd4 10. exd4 h6 11. Bh4 Be7 12. h3 a6 13. a3 Be6 14.
Qc2 Qd7 15. Bg3 Rac8 16. Rfe1 Rfe8 17. Rad1 Bf8 18. Be5 Qd8 19. f4 Ne4 20. Bxe4 dxe4 21. Qxe4 f6 22. d5 Nxe5 23. fxe5 Bf7 24. e6 Bh5 25. g4 Bd6 26. gxh5 Qb6+ 27. Kg2 Qxb2 28. Rb1 Qd2 29. Red1 Qg5+ 30. Kh1 Qxh5 31. Qg2 Rc4 32. Rxb7 g5 33. Rd3 Rec8 34. Rd7 Qh4 35. Rxd6 Qe1+ 36. Qg1 Qh4 37. e7 Re8 38. Rd8 Kf7 39. Rxe8 Kxe8 40.
d6 Kd7 41. e8=Q+ Kxe8 42. d7+ Kd8 43. Qb6+ 1-0

[Event "*** Titled Tuesday Blitz"]
[Site "Chess.com"]
[Date "2021.04.27"]
[Round "5"]
[White "beautroll"]
[Black "bennyficial"]
[Result "1-0"]
[WhiteElo "2471"]
[BlackElo "2194"]
[TimeControl "180+1"]
[EndTime "10:56:25 PDT"]
[Termination "beautroll won by checkmate"]

1. e4 c5 2. Nf3 Nc6 3. d4 cxd4 4. Nxd4 Nf6 5. Nc3 e5 6. Ndb5 d6 7. Nd5 Nxd5 8. exd5 Nb8 9. Qf3 Be7 10. Qc3 Na6 11. Be3 O-O 12. O-O-O Bg5 13. Qa3 Bxe3+ 14.
fxe3 Nc5 15. Be2 Bf5 16. Rhf1 Be4 17. Nc3 Bg6 18. Kb1 Qg5 19. Rf3 f5 20. Rg3 Qh6 21.
Nb5 Rfd8 22. Rh3 Qg5 23. Nxd6 Qxg2 24. Bf1 Qg4 25. Rc1 Ne4 26. Nxe4 Qxe4 27. Qb3 Kh8 28. Rd1 b6 29. Rg3 Rac8 30. Bg2 Qh4 31. Rh3 Qf2 32. Rg3 f4 33. Rxg6 hxg6 34. Bh3 Rc5 35. exf4 exf4 36. Be6 Qe3 37. Qa4 f3 38. Qh4+ Qh6 39. Qxd8+ Kh7 40. Qg8# 1-0